[Event "*** Titled Tuesday Blitz"]
[Site "Chess.com"]
[Date "2021.03.30"]
[Round "2"]
[White "Savva09022009"]
[Black "BogdanDeac"]
[Result "0-1"]
[WhiteElo "2603"]
[BlackElo "3024"]
[TimeControl "180+1"]
[EndTime "10:19:26 PDT"]
[Termination "BogdanDeac won by resignation"]

1. d4 g6 2. c4 Bg7 3. Nc3 d6 4. e4 Nd7 5. f3 e5 6. Be3 exd4 7. Bxd4 Ngf6 8. Qd2 O-O 9. Nge2 Ne5 10. b3 Re8 11. Rd1 Nh5 12. Kf2 f5 13. exf5 Bxf5 14. Kg1 Nf6 15. Ng3 Bd7 16. h3 Bc6 17. Be2 Nfd7 18. Kh2 Qh4 19. f4 Bh6 20. Be3 Nf7 21.
Rhf1 Nc5 22. Bg4 Re7 23. Rde1 Rae8 24. Bf2 Rxe1 25. Rxe1 Rxe1 26. Bxe1 Qf6 27. Nge2 Ne6 28. Bg3 Ng7 29. Nd4 Be8 30. Nd5 Qd8 31. Qe1 c6 32.
Bh4 g5 33. fxg5 Bxg5 34. Bxg5 Nxg5 35. Ne7+ Kf8 36. Nef5 Nxf5 37. Nxf5 Qf6 38. h4 Nf7 39.
Bh3 Bd7 40. Ne3 Bxh3 41. Kxh3 Ne5 42. Qf1 Qxf1 43. Nxf1 Nd3 44. Nd2 Nc1 45. a3 Kf7 46. Kg3 Ke6 47. Kf3 Nd3 48. Ke3 Ne5 49. Kf4 h6 50. g4 d5 51. cxd5+ cxd5 52. g5 h5 53.
Ke3 Ng6 54. Nf3 Kf5 55. Kd4 Kf4 56. Nh2 Nxh4 57. Kxd5 Kxg5 58. Ke4 Ng6 59. Kf3 Kf5 60. Nf1 Ke5 61. Ke3 h4 62. Nh2 Kf5 63. Nf3 Kg4 64.
Kf2 Kf4 65. Ng1 Ke4 66. Ne2 Kd3 67. b4 Kc4 68. Nc1 Kc3 69. b5 Kc4 70. a4 Kb4 71. Nd3+ Kxa4 72. Nc5+ Kxb5 73. Nxb7 a5 74. Nd6+ Kb4 75.
Ke2 a4 76. Kd2 a3 77. Kc1 h3 78. Ne4 h2 79. Ng3 Kb3 80. Kb1 Nf4 81. Ka1 Nd5 82. Kb1 Ne3 83. Ka1 a2 0-1

[Event "*** Titled Tuesday Blitz"]
[Site "Chess.com"]
[Date "2021.03.30"]
[Round "2"]
[White "Make_it_shine060"]
[Black "Cambek64"]
[Result "0-1"]
[WhiteElo "2236"]
[BlackElo "2446"]
[TimeControl "180+1"]
[EndTime "10:19:26 PDT"]
[Termination "Cambek64 won by resignation"]

1. d4 Nf6 2. c4 g6 3. Nc3 Bg7 4. e4 d6 5. Nge2 O-O 6. Ng3 c5 7.
d5 Na6 8. Be2 Nc7 9. Be3 a6 10. a4 b6 11. a5 b5 12. cxb5 axb5 13.
Nxb5 Nxb5 14. Bxb5 Ba6 15. Bxa6 Rxa6 16. O-O Qa8 17.
Bd2 Rb8 18. Qc2 Ng4 19. Ra2 Qb7 20. h3 Ne5 21. f4 Nd7 22. Kh2 Qb3 23. Qxb3 Rxb3 24.
h4 h5 25. Ne2 Nf6 26. Nc3 Ng4+ 27. Kh1 Bf6 28. g3 Bd4 29. Kg2 Ne3+ 30. Bxe3 Bxe3 31.
Ne2 Bd2 32. Rfa1 e6 33. Kf2 exd5 34. exd5 Rb5 35. Nc3 Bxc3 36. bxc3 c4 37. Ra4 Rxd5 38. Rxc4 Raxa5 39. Rxa5 Rxa5 40. Rd4 Ra6 41. Ke3 Kg7 42. Ke4 Kf6 43. Kd5 Ke7 44. Ke4 Ke6 45. Rd5 Ra4+ 46. Rd4 Ra3 47. Rd3 Ra4+ 48. Rd4 Ra1 49. Rd3 d5+ 50. Kf3 Ra3 51. g4 hxg4+ 52. Kxg4 Ra4 53. Kg5 Re4 54. h5 gxh5 55. f5+ Ke5 56. Kxh5 Rf4 57. Re3+ Kxf5 58. Rd3 Ke5 59. Kg5 Rf1 60. Re3+ Kd6 61. Rd3 Kc5 62. Rd4 Rf3 63. Rd2 Rxc3 64. Kf6 Rf3+ 65.
Ke5 Re3+ 66. Kf4 d4 67. Kf5 Kd5 68. Kf6 Rf3+ 69. Kg5 d3 70. Kg4 Ke4 71. Rd1 f5+ 72. Kg5 Ke3 73. Kh4 Ke2 74. Re1+ Kxe1 0-1

[Event "*** Titled Tuesday Blitz"]
[Site "Chess.com"]
[Date "2021.03.30"]
[Round "2"]
[White "Oligan22"]
[Black "Mazetovic"]
[Result "1-0"]
[WhiteElo "2506"]
[BlackElo "2691"]
[TimeControl "180+1"]
[EndTime "10:19:28 PDT"]
[Termination "Oligan22 won on time"]

1. e4 c5 2. Nf3 Nc6 3. d4 cxd4 4.
Nxd4 g6 5. c4 Bg7 6. Be3 Nf6 7.
Nc3 O-O 8. Be2 d6 9. h3 Bd7 10.
O-O Nxd4 11. Bxd4 Bc6 12. Qc2 a5 13. Rad1 Qc7 14. Bg4 h5 15. Bf3 Nd7 16. Bxg7 Kxg7 17. Be2 Nc5 18. Nd5 Bxd5 19. exd5 Nd7 20. Qc3+ Nf6 21. a4 Qc5 22. b3 Rad8 23. Bf3 Qb4 24.
Qb2 b6 25. Rfe1 Rfe8 26. Re2 Rc8 27. Rde1 Rc7 28. Qc2 Qc5 29. Qd3 Kf8 30. Qd2 Kg7 31. Qg5 Qd4 32. Qc1 Kf8 33. Qh6+ Kg8 34. Re3 Nh7 35.
Re4 Qf6 36. Qd2 Qg5 37. R4e3 Qf4 38. Qe2 Kf8 39. Re4 Qf6 40. Re3 h4 41. Bg4 Ng5 42. Qd3 Qf4 43. R3e2 Kg7 44. Re3 Qf6 45. Bd1 e5 46.
dxe6 Rxe6 47. Rxe6 Nxe6 48. Qxd6 Rc5 49. Qd3 Nf4 50. Qf3 Rg5 51. Kf1 Rxg2 52. Bc2 Rg5 53. Re4 Ne6 54. Qxf6+ Kxf6 55. Rxh4 Nc5 56. Ke2 Re5+ 57.
Kd2 Re6 58. Rd4 Ke5 59. Rd8 Rd6+ 60. Rxd6 Kxd6 61. Ke3 Ke5 62. f4+ Kd6 63. h4 Nd7 64. f5 gxf5 65. Bxf5 Nf6 66. Kf4 Ke7 67. Kg5 Ne8 68.
h5 Kf8 69. h6 Nd6 70. Bd7 Kg8 71.
Bf5 Nb7 72. Kf6 Nc5 73. Bc2 Nd7+ 74. Ke7 Nc5 75. Kd6 f5 76. Kc6 f4 77. Bd1 Nd3 78. Kxb6 Ne1 79. Kxa5 f3 80. Bxf3 Nxf3 81. c5 Nd4 82. b4 Kh7 83. Kb6 Kxh6 84. c6 Kg7 85. c7 Kf7 86. c8=Q 1-0

[Event "*** Titled Tuesday Blitz"]
[Site "Chess.com"]
[Date "2021.03.30"]
[Round "2"]
[White "eduardoperalta"]
[Black "Soltan49"]
[Result "0-1"]
[WhiteElo "2504"]
[BlackElo "2227"]
[TimeControl "180+1"]
[EndTime "10:19:28 PDT"]
[Termination "Soltan49 won by resignation"]

1. d4 Nf6 2. c4 g6 3. Nc3 d5 4. cxd5 Nxd5 5. e4 Nxc3 6. bxc3 Bg7 7. Nf3 c5 8. Rb1 O-O 9. Be2 b6 10. O-O cxd4 11. cxd4 Bb7 12. Qd3 Ba6 13. Qe3 Bxe2 14. Qxe2 Nc6 15. d5 Na5 16. Bd2 Nb7 17.
Rfd1 Rc8 18. h4 h5 19. Bb4 Nc5 20. e5 Qd7 21. e6 fxe6 22. Bxc5 Rxc5 23. dxe6 Qa4 24.
Rd7 Rcf5 25. Rbd1 Rxf3 26. gxf3 Qxh4 27. Qe4 Qg5+ 28. Kf1 Rf4 29. Qd5 Qf6 30. Rd3 Rh4 31. Rxa7 Qa1+ 32. Rd1 Qc3 33. Qd3 Qf6 34. Qe3 Rh1+ 35.
Ke2 Qb2+ 36. Rd2 Qb1 37. f4 Qf1+ 38. Kf3 Rh3+ 39. Ke4 Rxe3+ 40. fxe3 Qc4+ 41. Kf3 Qc6+ 42. Kf2 Qxe6 43. Rdd7 Qg4 44. Rxe7 Qh4+ 45. Kf3 Qh3+ 46. Ke4 Qg2+ 47. Kd3 Qf1+ 48. Ke4 Qg2+ 49. Kd3 Qf1+ 50. Kd2 Qf2+ 51. Kd1 Qf1+ 52. Kc2 Qe2+ 53. Kb3 Qb2+ 54. Kc4 Qc3+ 55. Kd5 Qc5+ 56. Ke4 Qf5+ 57. Kf3 Qg4+ 58.
Kf2 Qh4+ 59. Kg2 Qg4+ 60. Kf1 Qd1+ 61. Kf2 Qd2+ 62. Kf3 Qd1+ 63. Ke4 Qh1+ 64. Kd3 Qb1+ 65. Kc4 Qc2+ 66. Kb5 Qc5+ 67. Ka6 Qa5+ 68. Kb7 Qd5+ 69. Kb8 Qd8+ 70. Kb7 Qxe7+ 71. Ka6 Qxe3 72. Ra8+ Kh7 73. a4 Qxf4 74. Rb8 Qxa4+ 75. Kb7 Qd7+ 76. Ka6 b5 77.
Rxb5 Qxb5+ 78. Kxb5 g5 79. Kb4 Kg6 0-1

[Event "*** Titled Tuesday Blitz"]
[Site "Chess.com"]
[Date "2021.03.30"]
[Round "2"]
[White "Yurovskykh_Oleksandr"]
[Black "Evgeny81"]
[Result "0-1"]
[WhiteElo "2520"]
[BlackElo "2774"]
[TimeControl "180+1"]
[EndTime "10:19:45 PDT"]
[Termination "Evgeny81 won on time"]

1. d4 c5 2. c3 e6 3. Nf3 d5 4. Bf4 Nf6 5. e3 Bd6 6. Bg3 Qc7 7. Nbd2 Nbd7 8. Bd3 e5 9. dxe5 Nxe5 10. Nxe5 Bxe5 11. Nf3 Bxg3 12. hxg3 h6 13. Qa4+ Bd7 14. Qf4 O-O-O 15. Qxc7+ Kxc7 16. Ne5 Be6 17. O-O-O Rhe8 18. Bc2 Re7 19. Rd2 Bc8 20. Nf3 Ne4 21. Bxe4 dxe4 22.
Rxd8 Kxd8 23. Nd2 Kc7 24. Rh4 f5 25. Rh1 Be6 26. b3 Kd6 27. Rd1 Ke5 28. Nc4+ Bxc4 29. bxc4 b6 30. Rd8 Ke6 31. Kc2 Rd7 32. Rf8 h5 33. Rh8 g6 34. Rg8 Kf6 35. Rc8 Kg5 36.
Rh8 Kg4 37. a4 a5 38. Rh6 Rd6 39.
Rh8 g5 40. Rh7 Rg6 41. Kd2 h4 42. gxh4 gxh4 43. Ke2 Kg5 44. Rh8 Rh6 45. Rb8 Rg6 46. Rh8 Rd6 47. Rb8 Rd3 48. Rxb6 Rxc3 49. Rb5 Rxc4 50. Rxa5 Rc2+ 51. Ke1 Kf6 52. Rb5 Ke6 53. a5 Kd5 54. a6 Ra2 55. Rb6 Kc4 56. Rd6 Kc3 57. f3 Rxg2 58. fxe4 fxe4 59. Rh6 Ra2 60. Rxh4 Kd3 61. Rh5 Kxe3 62. Rh3+ Kd4 63. Rh6 c4 64. Rd6+ Kc3 65. Re6 Kd3 66. Rd6+ Ke3 67. Kf1 c3 68. Rc6 Kd2 69. Rd6+ Kc2 70. Ke2 Kb1+ 71. Ke3 c2 72.
Rb6+ Kc1 73. Kxe4 Kd2 74. Rd6+ Ke2 75. Rc6 Ra4+ 76. Kd5 Kd3 77. Kd6 Rxa6 78. Rxa6 c1=Q 79. Rc6 Qa3+ 80. Kc7 Kd4 81. Rd6+ Ke5 82. Rc6 Qa7+ 83. Kc8 Kd5 84. Rc7 Qa8+ 85. Kd7 Qa6 86. Rc8 Qd6+ 87. Ke8 Ke6 0-1

[Event "*** Titled Tuesday Blitz"]
[Site "Chess.com"]
[Date "2021.03.30"]
[Round "2"]
[White "gxbg2000"]
[Black "Kolle05"]
[Result "0-1"]
[WhiteElo "1906"]
[BlackElo "2372"]
[TimeControl "180+1"]
[EndTime "10:20:23 PDT"]
[Termination "Kolle05 won on time"]

1. e4 c5 2. f4 d5 3. exd5 Nf6 4. Nc3 Nxd5 5. Nxd5 Qxd5 6. Qf3 e6 7. Qxd5 exd5 8.
Nf3 Bd6 9. d3 O-O 10. g3 Nc6 11. c3 Bf5 12. Kf2 b5 13. a3 a5 14. Bd2 b4 15. axb4 axb4 16. Bg2 Bxd3 17. Ng5 Bc4 18.
Be3 h6 19. Nf3 Rfb8 20. Nd2 Rxa1 21. Rxa1 bxc3 22. Nxc4 cxb2 23. Rb1 dxc4 24. Bxc6 c3 25. Be4 Rb4 26. Bc2 Kf8 27. Ke2 Ke8 28. Kd3 g5 29.
fxg5 hxg5 30. Bd1 Kd7 31. Kc2 f6 32. Bf3 Be5 33. Bxc5 Rb8 34. Be3 Rh8 35. Bg1 f5 36.
Rd1+ Ke6 37. Bd5+ Kf6 38. Rf1 f4 39. gxf4 gxf4 40. Ba2 Kf5 41. Bb1 Kg4 42. Ba2 Rd8 43. Bb3 Rd2+ 44. Kb1 f3 45. Bc2 Bxh2 46. Bxh2 Rxh2 47.
Be4 f2 48. Kc2 Kf4 49. Bd3 Ke3 50. Bc4 Rh6 51. Kxc3 Rb6 52. Ba2 Ke2 53. Bc4+ Kf3 54. Bd5+ Kg3 55. Be4 Rb8 56. Kc2 Kf4 57. Bd3 Ke3 58.
Ba6 Rb6 59. Bc4 Rc6 60. Kc3 Rxc4+ 61. Kxc4 Ke2 62. Rb1 f1=Q 63. Rxb2+ Ke3+ 64. Kb4 Qc1 65. Rb3+ Kd4 66. Ka4 Qc2 67. Ka3 Qc1+ 68. Ka2 Kc4 69.
Rb2 Qd1 70. Rb1 Qa4+ 71. Kb2 Qb3+ 72. Kc1 Qe3+ 73. Kb2 Qd2+ 74. Ka1 Kc3 75. Rb8 Qd1+ 76.
Ka2 Qa4+ 77. Kb1 Qe4+ 78. Ka1 Qh1+ 79. Ka2 Qd5+ 80. Kb1 Qd1+ 81. Ka2 Qa4+ 82. Kb1 Qe4+ 83. Ka2 Qe6+ 84. Kb1 Qh6 85. Rc8+ Kb4 86. Rb8+ Kc5 87. Rc8+ Kb6 88. Rb8+ Kc7 89. Rb2 Qh1+ 90. Ka2 Kc6 91. Ka3 Kc5 92. Ka2 Qf3 93. Rc2+ Kb4 94. Rb2+ Ka4 95. Kb1 Qd1+ 96. Ka2 Qd5+ 97. Kb1 Qc4 98. Ka1 Ka3 0-1

[Event "*** Titled Tuesday Blitz"]
[Site "Chess.com"]
[Date "2021.03.30"]
[Round "2"]
[White "UKR_Master"]
[Black "IMTominho"]
[Result "1/2-1/2"]
[WhiteElo "2569"]
[BlackElo "2855"]
[TimeControl "180+1"]
[EndTime "10:20:34 PDT"]
[Termination "Game drawn - insufficient material"]

1. e4 e5 2. Nf3 Nf6 3. Nxe5 d6 4.
Nf3 Nxe4 5. Nc3 Nf6 6. d4 Be7 7. Bd3 c6 8. O-O Bg4 9. h3 Bh5 10. Bf4 O-O 11. Be2 Re8 12. Qd2 a5 13. a4 Nbd7 14.
Rfe1 Bf8 15. Ng5 Bxe2 16. Rxe2 Qb6 17. b3 Rxe2 18. Nxe2 h6 19. Nf3 Ne4 20. Qd3 Re8 21. Re1 Ndf6 22. Ng3 Nxg3 23. Rxe8 Nxe8 24. Bxg3 Nf6 25.
Qc4 Qd8 26. Bf4 Ne4 27. Qd3 d5 28. Nd2 Nf6 29. Kf1 Bb4 30. c3 Bf8 31. f3 Nd7 32.
Kf2 Qh4+ 33. Bg3 Qg5 34. Qe3 Qd8 35. Qf4 Ba3 36. Ke2 Qe7+ 37. Qe3 Qd8 38. Qf4 Nf8 39. Qc7 Qg5 40. Qf4 Ne6 41. Qxg5 hxg5 42. Nf1 f6 43. Ne3 g6 44. Nc2 Be7 45. Kd3 Kf7 46. Ne3 f5 47.
Be5 Nf4+ 48. Bxf4 gxf4 49. Nf1 Kf6 50. Nd2 Kg5 51. Nf1 Kh4 52. Ke2 Ba3 53. Kd2 Bb2 54. Kc2 Ba3 55. Kd2 Bd6 56. Ke2 c5 57. dxc5 Bxc5 58. Kd3 Kg5 59. Ke2 d4 60. cxd4 Bxd4 61.
Kd3 Bc5 62. Kc4 b6 63. Kd5 Kf6 64. Nd2 Kg5 65. Nf1 Bb4 66. Kc6 Kf6 67. Kd5 g5 68. Nh2 Be1 69. Nf1 Bf2 70. Nd2 Bc5 71. Nc4 Be3 72. Kc6 g4 73. Nxb6 Kg5 74. hxg4 fxg4 75. Nd5 Kh4 76. fxg4 Kxg4 77. Kb5 Bd2 78. Ne7 Kg3 79.
Nd5 Kxg2 80. Nxf4+ Kf3 81. Nd5 Ke4 82. Nc7 Ke5 83. Na6 Kd6 84. Nc5 Be3 85. Nd3 Bd2 86.
Nb2 Bc3 87. Nc4+ Kc7 88. Nxa5 Bd4 89. Nc4 Ba7 90. a5 Bg1 91. b4 Kb7 92. Nb6 Ka7 93. Nd7 Kb7 94. Nc5+ Kc7 95. Kc4 Kc6 96. b5+ Kc7 97.
Ne6+ Kb7 98. Nd4 Kc8 99. Kc5 Kd7 100. b6 Kc8 101. Kd5 Kb7 102. Kc5 Ka6 103. Kc4 Kb7 104. Nb3 Bxb6 105. axb6 Kxb6 1/2-1/2

[Event "*** Titled Tuesday Blitz"]
[Site "Chess.com"]
[Date "2021.03.30"]
[Round "2"]
[White "PotapovaM"]
[Black "LionTheLeon_06"]
[Result "1/2-1/2"]
[WhiteElo "2495"]
[BlackElo "2687"]
[TimeControl "180+1"]
[EndTime "10:20:52 PDT"]
[Termination "Game drawn by 50-move rule"]

1. d4 Nf6 2. c4 c5 3. d5 e6 4. Nc3 exd5 5. cxd5 d6 6. Nf3 g6 7. Bf4 a6 8. a4 Bg7 9. h3 O-O 10. e3 Ne8 11. Be2 Nd7 12. O-O Qe7 13.
Re1 Rb8 14. a5 Nc7 15. Nd2 b5 16. axb6 Nxb6 17. Nde4 Be5 18. Bg5 f6 19. Bh6 Re8 20. Kh1 f5 21. Bg5 Qf8 22. Nd2 h6 23. Bf4 Bxf4 24.
exf4 Kg7 25. Nf1 Qf6 26. Ne3 Qd4 27. Bf3 Qxf4 28. Qd2 Qd4 29. Qc2 Bd7 30. Rad1 Qf6 31. b3 Nb5 32. Nxb5 axb5 33. Ra1 Ra8 34. Rac1 Ra7 35.
Qd3 Rea8 36. h4 Qxh4+ 37. Kg1 Qf6 38. g3 Ra1 39. Ng2 Rxc1 40. Rxc1 Ra1 41. Qe3 Rxc1+ 42. Qxc1 g5 43. Qa3 Qd8 44. Qa7 Kg6 45. Ne3 c4 46. bxc4 Nxc4 47. Nxc4 bxc4 48. Qd4 Qc8 49. Qc3 Be8 50.
Be2 Bb5 51. Kg2 Qc5 52. Bf3 Qc7 53. Qh8 Qf7 54. Qd4 Qf6 55. Qb6 Ba4 56. Qb4 Bb3 57.
Be2 Qe5 58. Bf3 g4 59. Bd1 Qxd5+ 60. Kh2 Bxd1 61. Qb8 Qf7 62. Qxd6+ Kh5 63. Qxd1 Qf6 64. Qc2 Qf7 65. Qc3 Kg6 66. Qd4 h5 67. Qd6+ Kh7 68. Qc6 Kg7 69. Qc5 Qe6 70. Qd4+ Kf7 71. Qc5 Kf6 72. Qd4+ Ke7 73. Qc5+ Kd7 74. Qd4+ Kc6 75. Qc3 Kc5 76. Qa5+ Kd4 77. Qd2+ Kc5 78. Qa5+ Kd6 79. Qb4+ Kd7 80. Qb5+ Ke7 81. Qc5+ Kf7 82. Qc7+ Kf6 83. Qc5 Qf7 84. Qd4+ Kg5 85. Qd8+ Kg6 86. Qd6+ Kh7 87. Qc5 Qe6 88. Qc7+ Kg6 89. Qc5 Kg7 90. Qd4+ Kf7 91. Qc5 Ke8 92. Qc7 Kf8 93. Qd8+ Kf7 94. Qc7+ Ke8 95.
Qb8+ Kd7 96. Qb7+ Kd6 97. Qb6+ Kd5 98. Qb5+ Kd4 99. Qb4 Kd3 100. Qb1+ Kd2 101. Qb2+ Ke1 102. Kg2 Qd5+ 103. Kg1 Kd1 104. Qb1+ Kd2 105. Qb2+ Kd3 106. Qb1+ Kc3 107. Qc1+ Kb4 108. Qb2+ Ka5 109. Qa3+ Kb5 110. Qb2+ Kc6 111. Qb4 Qc5 112. Qc3 Kb5 113. Qb2+ Ka4 114. Qc2+ Kb5 115. Qb2+ Qb4 116. Qe5+ Ka4 1/2-1/2

[Event "*** Titled Tuesday Blitz"]
[Site "Chess.com"]
[Date "2021.03.30"]
[Round "3"]
[White "zmeeed67"]
[Black "Nikolakis2014"]
[Result "0-1"]
[WhiteElo "2416"]
[BlackElo "2608"]
[TimeControl "180+1"]
[EndTime "10:22:33 PDT"]
[Termination "Nikolakis2014 won by resignation"]

1. d4 Nf6 2. c4 g6 3. Nc3 Bg7 4. e4 d6 5. Be2 O-O 6. Bg5 c5 7. d5 e6 8. Qd2 exd5 9. exd5 Qb6 10.
Nf3 Bf5 11. Nh4 Ne4 12. Nxe4 Bxe4 13. f3 h6 14. Bxh6 Bxh6 15. Qxh6 Qxb2 16. O-O Bc2 17. Rac1 Re8 18. Rf2 Ba4 19. Bd1 Re1+ 20. Rf1 Qd4+ 0-1

[Event "*** Titled Tuesday Blitz"]
[Site "Chess.com"]
[Date "2021.03.30"]
[Round "3"]
[White "ShapkinAnatoliy"]
[Black "Sueetin"]
[Result "1-0"]
[WhiteElo "2657"]
[BlackElo "2425"]
[TimeControl "180+1"]
[EndTime "10:22:44 PDT"]
[Termination "ShapkinAnatoliy won by resignation"]

1. d4 Nf6 2. c4 e6 3. g3 d5 4.
Nf3 dxc4 5. Bg2 a6 6. O-O Nc6 7.
Bg5 Be7 8. e3 Rb8 9. Nbd2 b5 10.
Qc1 Nb4 11. b3 Nd3 12. Qc2 Nb4 13. Qc1 Nd3 14. Qb1 O-O 15. bxc4 bxc4 16. Qxb8 1-0

[Event "*** Titled Tuesday Blitz"]
[Site "Chess.com"]
[Date "2021.03.30"]
[Round "3"]
[White "frederiksvane"]
[Black "gui_borba"]
[Result "1-0"]
[WhiteElo "2692"]
[BlackElo "2444"]
[TimeControl "180+1"]
[EndTime "10:23:24 PDT"]
[Termination "frederiksvane won by resignation"]

1. a3 e5 2. d4 exd4 3. Qxd4 Nc6 4. Qd3 Nf6 5. Nf3 d5 6. b3 Bc5 7. Bb2 O-O 8. e3 Ne4 9. Nc3 Nxc3 10. Qxc3 Qf6 11.
Qxf6 gxf6 12. Bxf6 Re8 13. Bd3 d4 14. b4 Bb6 15. b5 dxe3 16. bxc6 exf2+ 17. Kf1 bxc6 18. Bh4 1-0

[Event "*** Titled Tuesday Blitz"]
[Site "Chess.com"]
[Date "2021.03.30"]
[Round "3"]
[White "FoggyMorning"]
[Black "DrMamaliga"]
[Result "1-0"]
[WhiteElo "2596"]
[BlackElo "2403"]
[TimeControl "180+1"]
[EndTime "10:23:28 PDT"]
[Termination "FoggyMorning won by resignation"]

1. e4 e5 2. Nf3 Nc6 3. Bc4 Nf6 4. Ng5 d5 5. exd5 Na5 6. Bb5+ c6 7. dxc6 bxc6 8. Bd3 Ng4 9. Nh3 f5 10. O-O e4 11.
Be2 Nf6 12. d3 Bd6 13. dxe4 fxe4 14. Bf4 Nd5 15. Bxd6 Qxd6 16. c4 Bxh3 17. cxd5 Qg6 18. Bh5 1-0

[Event "*** Titled Tuesday Blitz"]
[Site "Chess.com"]
[Date "2021.03.30"]
[Round "3"]
[White "DKmirl"]
[Black "Sjakkerntobi"]
[Result "0-1"]
[WhiteElo "2089"]
[BlackElo "2391"]
[TimeControl "180+1"]
[EndTime "10:23:52 PDT"]
[Termination "Sjakkerntobi won by checkmate"]

1. d4 e6 2. Nf3 Nf6 3. c4 c5 4. e3 d5 5. Nc3 Nc6 6. cxd5 exd5 7.
dxc5 Bxc5 8. Bb5 O-O 9. O-O a6 10. Bd3 Bg4 11. h3 Bh5 12. Be2 Ba7 13. b3 Rc8 14.
Bb2 Qd6 15. Qd2 Rfd8 16. Rfd1 Bb8 17. Nd4 Qh2+ 18. Kf1 Qh1# 0-1

[Event "*** Titled Tuesday Blitz"]
[Site "Chess.com"]
[Date "2021.03.30"]
[Round "3"]
[White "scarabee43"]
[Black "Julianos82"]
[Result "1-0"]
[WhiteElo "2574"]
[BlackElo "2385"]
[TimeControl "180+1"]
[EndTime "10:24:07 PDT"]
[Termination "scarabee43 won by resignation"]

1. d4 f5 2. c4 e6 3. Nc3 Nf6 4. e3 Be7 5. Bd3 O-O 6. Nge2 d5 7. O-O c6 8. f3 Nbd7 9. e4 fxe4 10. fxe4 e5 11.
cxd5 cxd5 12. Nxd5 Nxd5 13. exd5 exd4 14. Rxf8+ Nxf8 15. Bc4 Bf6 16. Nxd4 Qe7 17. d6+ 1-0

[Event "*** Titled Tuesday Blitz"]
[Site "Chess.com"]
[Date "2021.03.30"]
[Round "3"]
[White "vlad_Sid"]
[Black "Raud100"]
[Result "1-0"]
[WhiteElo "2570"]
[BlackElo "2383"]
[TimeControl "180+1"]
[EndTime "10:24:08 PDT"]
[Termination "vlad_Sid won by resignation"]

1. c4 c6 2. g3 d5 3. Bg2 Nf6 4. Nf3 Bg4 5. Ne5 Be6 6. d4 Nbd7 7. cxd5 Nxe5 8. dxe6 Ng6 9. exf7+ Kxf7 10. Nc3 e6 11.
O-O Be7 12. e4 Re8 13. e5 Nd5 14. Ne4 Kg8 15. Bh3 Bf8 16. Ng5 Qd7 17. Qg4 Nc7 18.
Qh5 1-0

[Event "*** Titled Tuesday Blitz"]
[Site "Chess.com"]
[Date "2021.03.30"]
[Round "3"]
[White "German_Bazeev"]
[Black "geordie_derraugh"]
[Result "1-0"]
[WhiteElo "2792"]
[BlackElo "2471"]
[TimeControl "180+1"]
[EndTime "10:24:18 PDT"]
[Termination "German_Bazeev won by checkmate"]

1. d4 Nf6 2. Bg5 d5 3. Bxf6 gxf6 4. Nf3 c5 5. c4 dxc4 6. d5 Qb6 7. Qc2 Na6 8. a3 Bf5 9. e4 Bxe4 10. Qxe4 Qxb2 11. Bxc4 Qxa1 12. O-O Qb2 13. d6 Rd8 14. Bxa6 bxa6 15. Qc6+ Rd7 16. Qc8+ Rd8 17. d7# 1-0

[Event "*** Titled Tuesday Blitz"]
[Site "Chess.com"]
[Date "2021.03.30"]
[Round "3"]
[White "elextranjero00"]
[Black "ZEN-22"]
[Result "1-0"]
[WhiteElo "2604"]
[BlackElo "2409"]
[TimeControl "180+1"]
[EndTime "10:24:29 PDT"]
[Termination "elextranjero00 won by resignation"]

1. d4 d5 2. c4 e6 3. Nc3 Nf6 4. cxd5 exd5 5. Bg5 Bb4 6. e3 h6 7. Bh4 c5 8. Bd3 cxd4 9. exd4 Bxc3+ 10. bxc3 Qa5 11.
Bxf6 Qxc3+ 12. Kf1 Bg4 13. Qe1+ Qxe1+ 14. Rxe1+ Be6 15.
Bxg7 Rg8 16. Bxh6 Nc6 17. Nf3 a6 18. h4 b5 19. Bd2 Kd7 20. h5 Bg4 21. Ne5+ Nxe5 22.
Rxe5 1-0

[Event "*** Titled Tuesday Blitz"]
[Site "Chess.com"]
[Date "2021.03.30"]
[Round "3"]
[White "albi1999"]
[Black "vugarrasulov"]
[Result "0-1"]
[WhiteElo "2618"]
[BlackElo "2865"]
[TimeControl "180+1"]
[EndTime "10:24:37 PDT"]
[Termination "vugarrasulov won by resignation"]

1. d4 Nf6 2. c4 e6 3. Nf3 d5 4.
g3 Bb4+ 5. Bd2 Bd6 6. Nc3 c6 7. Qc2 O-O 8. e4 dxe4 9. Nxe4 Nxe4 10. Qxe4 Nd7 11. Bg2 e5 12. dxe5 Nxe5 13. Nxe5 Bxe5 14. O-O-O Qf6 15. Bg5 Bxb2+ 16. Kb1 Qxg5 17. Kxb2 Be6 18. Qd4 Rfd8 19. Qc3 Qc5 0-1

[Event "*** Titled Tuesday Blitz"]
[Site "Chess.com"]
[Date "2021.03.30"]
[Round "3"]
[White "BendyBear"]
[Black "mbojan"]
[Result "0-1"]
[WhiteElo "2441"]
[BlackElo "2664"]
[TimeControl "180+1"]
[EndTime "10:24:39 PDT"]
[Termination "mbojan won by resignation"]

1. e4 c6 2. d4 d5 3. Nc3 dxe4 4.
Nxe4 Nf6 5. Nxf6+ exf6 6. Be3 Bd6 7. Nf3 O-O 8. Be2 Re8 9. c3 Nd7 10. O-O Nf8 11. h3 Qc7 12. Qc2 Ng6 13. Rfe1 a5 14.
Nd2 f5 15. Nc4 f4 16. Nxd6 Qxd6 17. Bd2 Bd7 18. Rad1 Nh4 19. Bd3 Qh6 20. f3 Bxh3 21. Rxe8+ Rxe8 22. gxh3 Qg5+ 0-1

[Event "*** Titled Tuesday Blitz"]
[Site "Chess.com"]
[Date "2021.03.30"]
[Round "3"]
[White "Ermito2020"]
[Black "VladimirBugayev"]
[Result "1-0"]
[WhiteElo "2516"]
[BlackElo "2286"]
[TimeControl "180+1"]
[EndTime "10:24:51 PDT"]
[Termination "Ermito2020 won by resignation"]

1. e4 c6 2. d4 d5 3. e5 Bf5 4.
Nf3 e6 5. Be2 c5 6. Be3 Qb6 7. Nc3 Nc6 8. O-O Qxb2 9. Qe1 cxd4 10.
Bxd4 Nxd4 11. Nxd4 Bb4 12. Ndb5 Bxc3 13. Nxc3 Ne7 14.
Rb1 Qxc2 15. Rxb7 f6 16. Nb5 fxe5 17. Nc7+ Kf7 18. Nxa8 Rxa8 19. Qb4 Re8 20. Bb5 1-0

[Event "*** Titled Tuesday Blitz"]
[Site "Chess.com"]
[Date "2021.03.30"]
[Round "3"]
[White "politeplayer"]
[Black "x-5963514717"]
[Result "1-0"]
[WhiteElo "2232"]
[BlackElo "2350"]
[TimeControl "180+1"]
[EndTime "10:25:03 PDT"]
[Termination "politeplayer won by resignation"]

1. e4 e5 2. Nf3 Nc6 3. d4 exd4 4.
Nxd4 Bb4+ 5. c3 Bc5 6. Be3 Bb6 7.
Bc4 Nf6 8. Nxc6 bxc6 9. e5 Nd5 10. Bxd5 cxd5 11. Qg4 Bxe3 12. Qxg7 Bxf2+ 13. Kxf2 Qh4+ 14. g3 Qe4 15. Qxh8+ Ke7 16. Qf6+ Ke8 17. Nd2 Qxh1 18. Rxh1 1-0

[Event "*** Titled Tuesday Blitz"]
[Site "Chess.com"]
[Date "2021.03.30"]
[Round "3"]
[White "jcibarra"]
[Black "Firegrizzly"]
[Result "1-0"]
[WhiteElo "2833"]
[BlackElo "2608"]
[TimeControl "180+1"]
[EndTime "10:25:25 PDT"]
[Termination "jcibarra won by resignation"]

1. e4 c5 2. Nc3 d6 3. d4 cxd4 4. Qxd4 Nc6 5. Qd2 Nf6 6. b3 e6 7. Bb2 Be7 8. O-O-O O-O 9. f4 a6 10. g4 Nxg4 11. Nf3 Qb6 12. Rg1 Nf6 13. Bd3 Rd8 14. e5 Ne8 15. exd6 Bxd6 16. Ne4 Bf8 17. Neg5 f5 18. Qe2 h6 19. Nxe6 Nb4 20. Nxd8 Nxa2+ 21. Kb1 Nb4 22. Qxe8 1-0

[Event "*** Titled Tuesday Blitz"]
[Site "Chess.com"]
[Date "2021.03.30"]
[Round "3"]
[White "kuba2006"]
[Black "davidkalashian"]
[Result "0-1"]
[WhiteElo "2350"]
[BlackElo "2546"]
[TimeControl "180+1"]
[EndTime "10:25:25 PDT"]
[Termination "davidkalashian won by resignation"]

1. b3 Nf6 2. Bb2 g6 3. e4 d6 4. e5 dxe5 5. Bxe5 Bg7 6. Nf3 O-O 7. Bc4 Nc6 8. Bb2 e5 9. O-O e4 10. Ne5 Nxe5 11. Bxe5 Re8 12. Bb2 Qd6 13. d3 Ng4 14.
f4 Bxb2 15. Nd2 Qd4+ 16. Kh1 Bxa1 17. Nxe4 Rxe4 0-1

[Event "*** Titled Tuesday Blitz"]
[Site "Chess.com"]
[Date "2021.03.30"]
[Round "3"]
[White "stepakyedael"]
[Black "Yurovskykh_Oleksandr"]
[Result "0-1"]
[WhiteElo "2305"]
[BlackElo "2525"]
[TimeControl "180+1"]
[EndTime "10:25:25 PDT"]
[Termination "Yurovskykh_Oleksandr won by checkmate"]

1. d4 d5 2. Nf3 Nf6 3. e3 Bg4 4.
c4 e6 5. Nc3 c6 6. Qb3 Qb6 7.
c5 Qc7 8. a4 Nbd7 9. a5 a6 10.
Bd2 Be7 11. Na4 O-O 12. Nb6 Rae8 13. Be2 e5 14. Nxd7 Nxd7 15. h3 Bxf3 16. gxf3 exd4 17.
exd4 Bf6 18. Be3 Re7 19. Kf1 Rfe8 20. Bd3 Nf8 21. Bf5 g6 22. Bd3 Ne6 23. Qc3 Nf4 24. h4 Rxe3 25. fxe3 Rxe3 26. Rd1 Rxf3+ 27. Kg1 Ne2+ 28.
Kg2 Qg3# 0-1

[Event "*** Titled Tuesday Blitz"]
[Site "Chess.com"]
[Date "2021.03.30"]
[Round "3"]
[White "mbachez"]
[Black "Shahaliyev"]
[Result "1-0"]
[WhiteElo "2474"]
[BlackElo "2648"]
[TimeControl "180+1"]
[EndTime "10:25:27 PDT"]
[Termination "mbachez won by resignation"]

1. e4 d6 2. d4 Nf6 3. Nc3 e5 4.
Nf3 exd4 5. Nxd4 Be7 6. g3 O-O 7. Bg2 Re8 8. O-O Bf8 9. h3 Nbd7 10. a4 Nc5 11. Re1 c6 12. b3 d5 13. exd5 Rxe1+ 14. Qxe1 cxd5 15. Bg5 Be6 16. b4 Ncd7 17. Nxe6 fxe6 18.
Qxe6+ Kh8 19. Bxd5 Bxb4 20. Ne4 Qf8 21. Nxf6 Nxf6 22.
Bxb7 Re8 23. Qf5 Bc3 24. Rd1 Qb4 25. Bxf6 Bxf6 26. Bc6 Rf8 27. Kg2 Bd4 28. Rxd4 1-0